 Dungeon Crawl Stone Soup version 0.31-a0-986-g5e6e4ef867 (webtiles) character file.

Game seed: 11108588621825233616

105 Vomitron the Sneak (level 5, -3/32 HPs)
             Began as a Kobold Brigand on Nov 4, 2023.
             Killed from afar by a white imp (11 damage)
             ... with a puff of frost
             ... on level 3 of the Dungeon.
             The game lasted 00:02:11 (1511 turns).

Vomitron the Sneak (Kobold Brigand)                 Turns: 1511, Time: 00:02:12

Health: -3/32      AC:  4    Str:  8    XL:     5   Next: 8%
Magic:  5/5        EV: 15    Int: 12    God:
Gold:   140        SH:  0    Dex: 19    Spells: 4/4 levels left

rFire   . . .        a - +2 dagger
rCold   . . .        (no shield)
rNeg    . . .        b - +0 robe
rPois   .            (no helmet)
rElec   .            c - +0 cloak
rCorr   .            (no gloves)
SInv    +            l - +0 pair of boots
Will    .....        (no amulet)
Stlth   ++++         n - ring of see invisible
HPRegen 0.25/turn    (no ring)
MPRegen 0.09/turn

%: no passive effects
@: no status effects
A: small, no large weapons, nightstalker 3
a: no special abilities


You were on level 3 of the Dungeon.
You visited 1 branch of the dungeon, and saw 3 of its levels.

You collected 140 gold pieces.

Inventory:

Hand Weapons
 a - a +2 dagger (weapon)
Missiles
 d - 12 poisoned darts (quivered)
 e - 3 curare-tipped darts
Armour
 b - a +0 robe (worn)
 c - a +0 cloak (worn)
 l - a +0 pair of boots (worn)
Jewellery
 n - a ring of see invisible (left hand)
Scrolls
 f - 3 scrolls of identify {unknown}
 g - a scroll of blinking {unknown}
 h - a scroll of immolation {unknown}
 k - a scroll of noise {unknown}
 m - a scroll of revelation {unknown}
 o - a scroll of vulnerability {unknown}
 p - a scroll of teleportation {unknown}
Potions
 i - a potion of lignification {unknown}
 j - a potion of curing {unknown}


   Skills:
 + Level 3.0 Fighting
 * Level 4.6 Short Blades
 - Level 2.1 Throwing
 + Level 2.5 Dodging
 + Level 6.0 Stealth


You had 4 spell levels left.
You didn't know any spells.
Your spell library contained the following spells:

 Spells                   Type           Power      Damage    Failure   Level
 Ozocubu's Armour         Ice            0%         N/A       69%         3
 Ozocubu's Refrigeration  Ice            0%         4d7       100%        7


Dungeon Overview and Level Annotations

Branches:
Dungeon (3/15)

Altars:


Innate Abilities, Weirdness & Mutations

You are small and have problems with some larger weapons.
You are completely attuned to the shadows.


Message History

The white imp hits you but does no damage.
You barely miss the white imp. The white imp gestures at you.
The puff of frost misses you.
You barely miss the white imp. The white imp misses you.
You barely miss the white imp. The white imp gestures at you.
The puff of frost hits you.
You closely miss the white imp. You hit the white imp but do no damage.
The white imp gestures at you. The puff of frost hits you!
You hit the white imp but do no damage. The white imp hits you.
The white imp freezes you.
You are too injured to fight recklessly!
You are too injured to fight recklessly!
You are too injured to fight recklessly!
You closely miss the white imp. You hit the white imp.
The white imp is lightly wounded.
The white imp gestures at you. The puff of frost misses you.
You hit the white imp.
The white imp is moderately wounded.
The white imp misses you.
You hit the white imp but do no damage.
The white imp is moderately wounded.
The white imp completely misses you.
You hit the white imp.
The white imp is heavily wounded.
You hit the white imp but do no damage.
The white imp is heavily wounded.
The white imp gestures at you. The puff of frost hits you!
* * * LOW HITPOINT WARNING * * *
You hit the white imp.
The white imp is severely wounded.
The white imp gestures at you. The puff of frost hits you!
You die...

.........†...>.....##.
#.............(....##.
#####.###..†..........
#.# ###........###
######.## ##########
....$...# ........#
........# ...)..@.#
.......5# ..........
........### ........


You could see a white imp.

Vanquished Creatures
  An iguana (D:3)
  5 adders
  An orc (D:3)
  5 bats
  3 endoplasms
  A giant cockroach (D:1)
  5 hobgoblins
  A quokka (D:1)
  4 ball pythons
  A frilled lizard (D:1)
  3 goblins
  3 kobolds
  4 rats
37 creatures vanquished.

Notes
Turn   | Place    | Note
-------+----------+-------------------------------------------
     0 | D:1      | Vomitron the Kobold Brigand began the quest for the Orb.
     0 | D:1      | Reached XP level 1. HP: 12/12 MP: 1/1
   177 | D:1      | Reached XP level 2. HP: 18/18 MP: 2/2
   529 | D:2      | Reached XP level 3. HP: 22/22 MP: 3/3
   646 | D:2      | Identified the +10 mace of Growth {distort, SInv}
   843 | D:2      | Reached XP level 4. HP: 26/27 MP: 4/4
  1478 | D:3      | Reached skill level 6 in Stealth
  1478 | D:3      | Reached XP level 5. HP: 30/32 MP: 5/5
  1511 | D:3      | Killed from afar by a white imp

Illustrated notes

Levels and vault maps discovered:
D:1:      saegor_arrival_miasma, layout_rooms
D:2:      minmay_spotlight, layout_loops_ring
D:3:      layout_basic, nicolae_overflow_hidden_temple,
          kiku_gazebo_garden_becter, kennysheep_pointless_box

Skill      XL: |  1  2  3  4 |
---------------+-------------+-----
Short Blades   | 3 4 |  4.6
Dodging        | 2 |  2.5
Fighting       | 3 |  3.0
Stealth        | 6 |  6.0
Throwing       | |  2.1

Action                     |  1- 3 |  4- 6 || total
---------------------------+-------+-------++-------
  Melee: Dagger            |    56 |    50 ||   106
  Throw: Dart              |       |     1 ||     1
   Stab: Sleeping          |    10 |     8 ||    18
 Armour: Robe              |    16 |    16 ||    32
  Dodge: Dodged            |    33 |    23 ||    56

Table legend: (Time is in decaauts)
 A = Elapsed time spent in this place.
 B = Non-inter-level travel time spent in this place.
 C = Inter-level travel time spent in this place.
 D = Time resting spent in this place.
 E = Time spent auto-exploring this place.
 F = Levels seen in this place.
 G = Mean time per level.
                   A        B        C        D        E       F      G
               +--------+--------+--------+--------+--------+-----+--------+
         Total |   1490 |   1431 |     59 |     67 |   1100 |   3 |  496.7 |
       Dungeon |   1490 |   1431 |     59 |     67 |   1100 |   3 |  496.7 |
               +--------+--------+--------+--------+--------+-----+--------+

Top non-repeatable levels by time:
     D:2: 881 daAuts
     D:1: 514 daAuts
     D:3: 94 daAuts
